[Event "Titled Tuesday Blitz August 1 Late 2023"]
[White "Hamley, Ryan"]
[Black "Papp, Levente"]
[WhiteFideId "30959497"]
[BlackFideId "751243"]
[WhiteElo "2470"]
[BlackElo "2671"]
[Result "0-1"]
[Round "3"]
[TimeControl "180+1"]
[Date "2023.08.01"]
[WhiteClock "0:00:04"]
[BlackClock "0:00:09"]
[Board "70"]

1. b3 a5 2. a3 a4 3. b4 Nf6 4. Bb2 g6 5. Nf3 Bg7 6. g3 b6 7. Bg2 Bb7 8. O-O O-O 9. c4 d5 10. cxd5 Nxd5 11. Bxg7 Kxg7 12. Qc2 Nd7 13. e4 N5f6 14. d3 b5 15. Nc3 c6 16. Rad1 e5 17. d4 exd4 18. Rxd4 Qe7 19. Rfd1 Rac8 20. Qb2 Kg8 21. Bf1 c5 22. bxc5 Nxc5 23. Qxb5 Ncxe4 24. Nxe4 Bxe4 25. Bg2 Qxa3 26. Rxa4 Qc3 27. Ne5 Bc2 28. Rad4 Bxd1 29. Rxd1 Rb8 30. Qe2 Rfe8 31. f4 Rb2 32. Qf3 Qxf3 33. Bxf3 Rc8 34. h3 Rc3 35. g4 Kf8 36. g5 Nh5 37. Rd8+ Ke7 38. Rd7+ Ke8 39. Bd5 Rc1# 0-1


[Site "https://www.chess.com"]

[Event "Titled Tuesday Blitz August 1 Late 2023"]
[White "ChessSG1"]
[Black "Sokolovsky, Yahli"]
[BlackFideId "2820242"]
[WhiteElo "2462"]
[BlackElo "2668"]
[Result "1/2-1/2"]
[Round "3"]
[TimeControl "180+1"]
[Date "2023.08.01"]
[WhiteClock "0:00:15"]
[BlackClock "0:00:18"]
[Board "71"]

1. c4 d6 2. g3 e5 3. Bg2 Nc6 4. Nc3 Be6 5. d3 Qd7 6. Rb1 a5 7. a3 Nf6 8. e3 d5 9. cxd5 Nxd5 10. Nf3 Be7 11. O-O O-O 12. d4 Rfd8 13. Nxd5 Bxd5 14. Nxe5 Nxe5 15. dxe5 Qf5 16. Bd2 Bxg2 17. Kxg2 Qxe5 18. Bc3 Qe4+ 19. Qf3 Qxf3+ 20. Kxf3 b5 21. Be5 c5 22. Rfd1 a4 23. Bc7 Rxd1 24. Rxd1 Bf6 25. Bb6 Rc8 26. Rd2 g6 27. Ke2 b4 28. Rc2 b3 29. Rd2 c4 30. Bd4 Bxd4 31. Rxd4 c3 32. bxc3 Rxc3 33. Rxa4 Rc2+ 34. Kf3 Ra2 35. Ra8+ Kg7 36. a4 Kf6 37. Rb8 b2 38. a5 h5 39. h4 Ke6 40. a6 Rxa6 41. Rxb2 Kf6 42. Rd2 Rc6 43. Rd3 Rb6 44. e4 Rb5 45. Ke3 Rb4 46. Rd4 Rb3+ 47. Rd3 Rb2 48. f3 Rb1 49. Rd6+ Ke5 50. Rd5+ Ke6 51. g4 hxg4 52. fxg4 Rh1 53. h5 gxh5 54. Rxh5 Rb1 55. Rh6+ Ke7 56. Kf4 Rb5 57. Rh5 Rb1 58. Ra5 Kf6 59. Ra6+ Kg7 60. Kf5 Rf1+ 61. Ke5 Rf2 62. g5 Rf1 63. Ra7 Kg6 64. Ra6+ Kxg5 65. Ra7 Rf4 66. Kd5 Rf2 67. e5 Rd2+ 68. Ke4 Re2+ 69. Kd5 Kg6 70. Ra6+ Kg7 71. Ra7 Kf8 72. Ra8+ Kg7 73. Ra7 Rd2+ 74. Ke4 Kg6 75. Ra6+ Kg5 76. Rf6 Rd7 77. Rf1 Kg6 78. Rg1+ Kh6 79. Kf5 Re7 80. Kf6 Re6+ 81. Kxf7 Rxe5 82. Kf6 Rh5 83. Rg8 Kh7 84. Rg7+ Kh6 85. Rg6+ Kh7 86. Rg7+ Kh8 87. Ra7 Rh6+ 88. Kg5 Rc6 89. Ra8+ Kg7 90. Ra7+ Kf8 91. Rb7 Rd6 92. Ra7 Ke8 93. Rb7 Ra6 94. Rc7 Kd8 95. Rh7 Ra1 96. Kf5 Re1 97. Kf6 Ke8 98. Rh8+ Kd7 99. Rh7+ Kd6 100. Rh3 Rf1+ 101. Kg5 Ke6 102. Re3+ Kd5 103. Rd3+ Ke4 104. Ra3 Rg1+ 105. Kf6 Rc1 106. Ra4+ Kd5 107. Ra5+ Kd4 108. Ra4+ Kc5 109. Ra5+ Kb6 110. Re5 Rf1+ 111. Ke6 Kc6 112. Re2 Rc1 113. Rd2 Re1+ 114. Kf6 Kc5 115. Rd3 Kc4 116. Rd8 Kc5 117. Rd2 Kc6 118. Rd8 Rf1+ 119. Ke6 Rh1 120. Rd2 Rh6+ 121. Kf5 Rh5+ 122. Kg6 Rc5 123. Rd3 Rc4 124. Kf6 Kc5 125. Rd8 Rf4+ 126. Ke5 Rf1 127. Rc8+ Kb6 128. Rc2 Re1+ 129. Kd5 Kb5 130. Rb2+ Ka4 131. Kc4 Ka3 1/2-1/2


[Site "https://www.chess.com"]

[Event "Titled Tuesday Blitz August 1 Late 2023"]
[White "Gundam, Rohit"]
[Black "Goltsev, Dmitry"]
[WhiteFideId "75002809"]
[BlackFideId "24176710"]
[WhiteElo "2462"]
[BlackElo "2662"]
[Result "1-0"]
[Round "3"]
[TimeControl "180+1"]
[Date "2023.08.01"]
[WhiteClock "0:00:03"]
[BlackClock "0:00:39"]
[Board "72"]

1. d4 Nf6 2. Nf3 e6 3. c4 b6 4. Nc3 Bb7 5. a3 Be7 6. Bg5 h6 7. Bh4 d5 8. e3 Nbd7 9. Rc1 O-O 10. cxd5 exd5 11. Bd3 c5 12. Bb1 Ne4 13. Bxe7 Qxe7 14. dxc5 Ndxc5 15. O-O Rfd8 16. Nd4 Qf6 17. Qf3 Qe5 18. Rfd1 Rac8 19. Qf5 Qxf5 20. Nxf5 Kf8 21. Nxe4 dxe4 22. Nd6 Rb8 23. Nxb7 Rxd1+ 24. Rxd1 Rxb7 25. b4 Na4 26. Bxe4 Rc7 27. Bf3 Rc3 28. Ra1 Nb2 29. h3 b5 30. Be2 a6 31. Rb1 Rc2 32. Bf1 Ke7 33. Re1 Rc3 34. Rb1 Na4 35. Ra1 Rb3 36. Be2 Nc3 37. Bf1 Nb1 38. Ra2 Rxa3 39. Rxa3 Nxa3 40. Bd3 Nc4 41. Bxc4 bxc4 42. Kf1 Ke6 43. Ke2 Ke5 44. Kd2 Ke4 45. Kc3 Kd5 46. g4 g6 47. f3 f5 48. gxf5 gxf5 49. h4 h5 50. f4 Ke4 51. Kxc4 Kxe3 52. Kc5 Kd3 53. Kd5 Kc3 54. Ke5 Kxb4 55. Kxf5 a5 56. Kg5 a4 57. f5 a3 58. f6 a2 59. f7 a1=Q 60. f8=Q+ Kb5 61. Qe8+ Kc5 62. Qc8+ Kd6 63. Qf8+ Ke6 64. Qf5+ Ke7 65. Kxh5 Qd1+ 66. Kg6 Qg1+ 67. Qg5+ Kf8 68. Qxg1 Kg8 69. Kh6+ Kh8 70. Qg7# 1-0


[Site "https://www.chess.com"]

[Event "Titled Tuesday Blitz August 1 Late 2023"]
[White "Miszler, Levente"]
[Black "Ardelean, George-Catalin"]
[WhiteFideId "763276"]
[BlackFideId "1207091"]
[WhiteElo "2458"]
[BlackElo "2661"]
[Result "0-1"]
[Round "3"]
[TimeControl "180+1"]
[Date "2023.08.01"]
[WhiteClock "0:00:55"]
[BlackClock "0:00:10"]
[Board "73"]

1. Nf3 c5 2. c4 Nc6 3. g3 e5 4. Nc3 g6 5. Bg2 Bg7 6. O-O Nge7 7. Ne1 d6 8. Nc2 Be6 9. Ne3 O-O 10. Ned5 Qd7 11. d3 Bh3 12. Bxh3 Qxh3 13. Ne4 Nxd5 14. cxd5 Ne7 15. Nxd6 Qd7 16. Ne4 Qxd5 17. Be3 b6 18. Qa4 Nc6 19. Rac1 f5 20. Nxc5 f4 21. Ne4 Rac8 22. Bd2 Nd4 23. Kg2 Nxe2 24. Rxc8 Rxc8 25. Rd1 Nd4 26. gxf4 Qe6 27. h3 Rc2 28. Qxa7 h6 29. Be3 Nf5 30. Qxb6 Nh4+ 31. Kg3 Qe7 32. Qd6 Nf5+ 33. Kg2 Nxd6 0-1


[Site "https://www.chess.com"]

[Event "Titled Tuesday Blitz August 1 Late 2023"]
[White "Annaberdiyev, Meylis"]
[Black "Yeritsyan, Hayk"]
[WhiteFideId "14000563"]
[BlackFideId "13307320"]
[WhiteElo "2661"]
[BlackElo "2455"]
[Result "1-0"]
[Round "3"]
[TimeControl "180+1"]
[Date "2023.08.01"]
[WhiteClock "0:00:20"]
[BlackClock "0:00:57"]
[Board "74"]

1. e4 c6 2. d4 d5 3. e5 c5 4. c3 Nc6 5. Be2 cxd4 6. cxd4 Bf5 7. Nc3 e6 8. Be3 Bb4 9. Nf3 Bg4 10. O-O Nge7 11. Nh4 Bxe2 12. Qxe2 Ng6 13. Nxg6 hxg6 14. h3 Bxc3 15. bxc3 Qd7 16. Bc1 O-O 17. h4 f5 18. exf6 gxf6 19. h5 g5 20. f4 gxf4 21. Bxf4 Rf7 22. Rae1 Re8 23. Rf3 e5 24. Bh2 e4 25. Rg3+ Rg7 26. Rf1 Kh8 27. Rxf6 Rxg3 28. Bxg3 Qg7 29. Rg6 Qh7 30. Qe3 Qf7 31. Qh6+ Qh7 32. Qg5 Rg8 33. Qf6+ Rg7 34. Rh6 Ne7 35. Rxh7+ Kxh7 36. Be5 1-0


[Site "https://www.chess.com"]

[Event "Titled Tuesday Blitz August 1 Late 2023"]
[White "Lehtosaari, Mauri"]
[Black "Rastbod, Ali"]
[WhiteFideId "501999"]
[BlackFideId "12567477"]
[WhiteElo "2452"]
[BlackElo "2655"]
[Result "0-1"]
[Round "3"]
[TimeControl "180+1"]
[Date "2023.08.01"]
[WhiteClock "0:00:10"]
[BlackClock "0:00:06"]
[Board "75"]

1. d4 f5 2. Nf3 Nf6 3. Bf4 d6 4. e3 g6 5. Be2 Bg7 6. h3 O-O 7. O-O h6 8. Bh2 g5 9. Nfd2 Qe8 10. c4 e5 11. Nc3 Nc6 12. dxe5 dxe5 13. Nd5 Qf7 14. Nxf6+ Qxf6 15. c5 Kh8 16. Qc2 Be6 17. Bc4 Bxc4 18. Nxc4 f4 19. Qe4 Qf5 20. Qxf5 Rxf5 21. Rad1 Rf7 22. b3 Kg8 23. Rfe1 Kf8 24. f3 Re7 25. e4 Ke8 26. Kf1 Rd8 27. Rxd8+ Nxd8 28. Rd1 Re6 29. Bg1 Nc6 30. Ke2 h5 31. Na3 a6 32. Nb1 Bf6 33. Nc3 Bd8 34. Nd5 Rg6 35. b4 g4 36. hxg4 hxg4 37. Bf2 g3 38. Bg1 Na7 39. a4 c6 40. Nc3 Nc8 41. Nb1 b6 42. cxb6 Bxb6 43. Bxb6 Nxb6 44. a5 Nc8 45. Rh1 Re6 46. Nd2 Nd6 47. Nb3 Nb5 48. Nc5 Rd6 49. Rh8+ Kf7 50. Rh5 Nc3+ 51. Ke1 Rd1# 0-1


[Site "https://www.chess.com"]

[Event "Titled Tuesday Blitz August 1 Late 2023"]
[White "D`Arruda, Ricardo D."]
[Black "Bjelobrk, Igor"]
[WhiteFideId "100692"]
[BlackFideId "4300726"]
[WhiteElo "2452"]
[BlackElo "2648"]
[Result "0-1"]
[Round "3"]
[TimeControl "180+1"]
[Date "2023.08.01"]
[WhiteClock "0:00:20"]
[BlackClock "0:00:37"]
[Board "76"]

1. d4 e6 2. e4 d5 3. Nc3 Bb4 4. Qg4 Nf6 5. Qxg7 Rg8 6. Qh6 Rg6 7. Qh4 Nxe4 8. Qxd8+ Kxd8 9. Ne2 b6 10. a3 Bxc3+ 11. Nxc3 Nxc3 12. bxc3 Ba6 13. g3 Bxf1 14. Kxf1 Nc6 15. Kg2 Na5 16. h4 h5 17. Bg5+ Kd7 18. a4 Rc8 19. Rab1 c5 20. dxc5 Rxc5 21. Bd2 Nc4 22. Bc1 Nd6 23. Rb3 Ne4 24. Bb2 Kc6 25. Rd1 a5 26. Rd3 Kb7 27. Bc1 Rc4 28. Be3 Rc6 29. Bd4 f6 30. Be3 Rg8 31. Bd4 e5 32. Be3 Rd8 33. f3 Nc5 34. Bxc5 Rxc5 35. Kh3 Rc4 36. Ra3 Kc6 37. g4 Rg8 38. gxh5 Rh8 39. Ra1 Rxh5 40. Rg1 Rcxh4+ 41. Kg3 Rxa4 42. Rgd1 e4 43. fxe4 Rxe4 44. Rf3 f5 45. Rdf1 Rc4 46. Re3 f4+ 47. Rxf4 Rxf4 48. Kxf4 Rh2 49. Ke5 Rxc2 50. Rd3 a4 51. Rh3 Kc5 52. Rh8 Re2+ 53. Kf4 Kc4 54. Rb8 b5 55. Rc8+ Kb3 56. Rc5 a3 57. Rxb5+ Kxc3 58. Rxd5 a2 0-1


[Site "https://www.chess.com"]

[Event "Titled Tuesday Blitz August 1 Late 2023"]
[White "Timerkhanov, Alexander"]
[Black "CatLivesMatter"]
[WhiteFideId "24177938"]
[WhiteElo "2631"]
[BlackElo "2449"]
[Result "1-0"]
[Round "3"]
[TimeControl "180+1"]
[Date "2023.08.01"]
[WhiteClock "0:02:03"]
[BlackClock "0:00:22"]
[Board "77"]

1. d4 a6 2. e4 e6 3. Bd3 d5 4. e5 c5 5. c3 Nc6 6. Nf3 Nge7 7. O-O cxd4 8. cxd4 Nf5 9. Bxf5 exf5 10. Nc3 Be6 11. Bg5 Be7 12. Bxe7 Qxe7 13. a3 g5 14. b4 g4 15. Ne1 h5 16. Na4 h4 17. f4 h3 18. g3 O-O-O 19. Nc2 Kb8 20. Ne3 f6 21. Nc5 fxe5 22. fxe5 Qg5 23. Rf4 Bc8 24. Qd3 Rhf8 25. Rc1 Qh6 26. Qc3 Ka7 27. a4 b6 28. b5 axb5 29. axb5 Na5 30. Nb3 Nxb3 31. Qxb3 Bb7 32. Ra1+ Kb8 33. Qa3 Rc8 34. Qa7+ Kc7 35. Nxd5+ Kd8 36. Qxb7 Qe6 37. Qxb6+ Qxb6 38. Nxb6 Rb8 39. Nd5 Rxb5 40. Ra8+ Kd7 41. Rxf8 Rxd5 42. R8xf5 Rb5 43. Rxg4 Rb1+ 44. Rf1 Rb2 45. Rh4 Rg2+ 46. Kh1 Ke6 47. Rxh3 Re2 48. g4 Kd5 49. Rg3 Kxd4 50. g5 Kxe5 51. g6 Ke4 52. g7 Kd4 53. g8=Q Re5 54. Qg7 Ke4 55. Re1+ Kd4 56. Qxe5+ Kc4 57. Rc3+ Kb4 58. Qc5+ Ka4 59. Ra3# 1-0


[Site "https://www.chess.com"]

[Event "Titled Tuesday Blitz August 1 Late 2023"]
[White "Ovchinnikov, Vsevolod"]
[Black "slidingknight2775"]
[WhiteFideId "24176842"]
[WhiteElo "2622"]
[BlackElo "2449"]
[Result "1-0"]
[Round "3"]
[TimeControl "180+1"]
[Date "2023.08.01"]
[WhiteClock "0:00:13"]
[BlackClock "0:00:21"]
[Board "78"]

1. d4 Nf6 2. c4 e6 3. g3 d5 4. Nf3 Be7 5. Bg2 O-O 6. Nc3 dxc4 7. Ne5 Nc6 8. Bxc6 bxc6 9. Nxc6 Qe8 10. Nxe7+ Qxe7 11. Qa4 c5 12. dxc5 Qxc5 13. Be3 Qc7 14. O-O-O Bb7 15. f3 Nd5 16. Bd4 e5 17. Nxd5 Bxd5 18. Bc3 Be6 19. Rd2 h6 20. Rhd1 Rab8 21. Qa5 Qxa5 22. Bxa5 Rb5 23. Bc3 Rfb8 24. Rd8+ Rxd8 25. Rxd8+ Kh7 26. Ra8 a5 27. Bxa5 Bd5 28. Ra7 f6 29. Bc3 Kg6 30. e4 Rb7 31. Ra6 Bf7 32. Bxe5 Rd7 33. Bd6 Kh7 34. Rb6 h5 35. h4 Bg6 36. Rc6 Ra7 37. a3 Bf7 38. Kc2 Rb7 39. Bb4 Ra7 40. Rd6 Kg8 41. Kc3 Kh7 42. Rd4 Kg8 43. Rd8+ Kh7 44. Kc2 Kg6 45. Bc3 Ra6 46. Kd2 Be6 47. Ke3 Bf7 48. Rd2 Kh7 49. Kf4 Bg6 50. Rd5 Bf7 51. Rc5 Kg8 52. Ke3 Kh7 53. Kf4 Kg6 54. g4 hxg4 55. fxg4 Rb6 56. a4 Ra6 57. a5 Be6 58. g5 fxg5+ 59. Rxg5+ Kf7 60. Rxg7+ Kf8 61. Rg6 Kf7 62. Rh6 Ra8 63. Rf6+ Ke7 64. h5 Rg8 65. Rg6 Rf8+ 66. Ke5 Bf7 67. Rg7 Rb8 68. h6 Rb5+ 69. Kd4 Rh5 70. h7 Kf8 71. Rxf7+ Kxf7 72. a6 Rxh7 73. a7 Rh8 74. Kc5 Ra8 75. Kb6 Ke6 76. Kb7 Rd8 77. a8=Q Rxa8 78. Kxa8 Kd7 79. Kb7 Kd6 80. Kb6 Ke6 81. Kc5 Ke7 82. Kxc4 Ke6 83. Kd4 Kd7 84. b4 Ke6 85. e5 Kd7 86. Kc5 Kc7 87. b5 Kb7 88. e6 Kc7 89. Be5+ Kb7 90. Kd6 Kc8 91. e7 Kb7 92. e8=Q Ka7 93. Bd4+ Kb7 94. Qc6+ Kb8 95. Qc7+ Ka8 96. Qa7# 1-0


[Site "https://www.chess.com"]

[Event "Titled Tuesday Blitz August 1 Late 2023"]
[White "Tworuszka, Michal"]
[Black "Aldokhin, Ivan"]
[WhiteFideId "1117858"]
[BlackFideId "24115720"]
[WhiteElo "2448"]
[BlackElo "2609"]
[Result "1-0"]
[Round "3"]
[TimeControl "180+1"]
[Date "2023.08.01"]
[WhiteClock "0:00:26"]
[BlackClock "0:00:00"]
[Board "79"]

1. d4 Nf6 2. c4 g6 3. Nc3 Bg7 4. e4 d6 5. h3 O-O 6. Be3 Nc6 7. Nge2 Re8 8. g4 e5 9. d5 Nd4 10. Bg2 Bxg4 11. hxg4 Nxg4 12. Nxd4 Nxe3 13. fxe3 exd4 14. exd4 Qg5 15. Qd2 Qxd2+ 16. Kxd2 Bxd4 17. Kd3 Be5 18. Raf1 Kg7 19. b3 a6 20. a4 h5 21. Rf3 Re7 22. Ne2 b5 23. axb5 axb5 24. cxb5 Ra2 25. Bh3 Re8 26. Rc1 Rb8 27. Nd4 Rb7 28. Bd7 g5 29. Be8 f6 30. Bxh5 Rg2 31. Be8 g4 32. Rff1 Rg3+ 33. Kc4 Ra7 34. Nf5+ Kf8 35. Nxg3 1-0


[Site "https://www.chess.com"]

[Event "Titled Tuesday Blitz August 1 Late 2023"]
[White "Rodriguez, Santiago"]
[Black "Jarmula, Lukasz"]
[WhiteFideId "3000591"]
[BlackFideId "1160664"]
[WhiteElo "2447"]
[BlackElo "2605"]
[Result "0-1"]
[Round "3"]
[TimeControl "180+1"]
[Date "2023.08.01"]
[WhiteClock "0:01:07"]
[BlackClock "0:02:02"]
[Board "80"]

1. d4 b6 2. e4 Bb7 3. Nc3 e6 4. Bd3 Nf6 5. Qe2 Bb4 6. Bg5 h6 7. Bh4 g5 8. Bg3 d5 9. exd5 Nxd5 10. Qe5 Rg8 11. Ne2 Nd7 12. Qe4 N7f6 13. Qf3 g4 14. Qxf6 Qxf6 15. O-O Nxc3 16. bxc3 Bd6 17. f4 gxf3 18. Bb5+ Ke7 0-1


[Site "https://www.chess.com"]

[Event "Titled Tuesday Blitz August 1 Late 2023"]
[White "Zhukova, Natalia"]
[Black "brm72"]
[WhiteFideId "14101513"]
[WhiteElo "2442"]
[BlackElo "2603"]
[Result "0-1"]
[Round "3"]
[TimeControl "180+1"]
[Date "2023.08.01"]
[WhiteClock "0:00:00"]
[BlackClock "0:01:15"]
[Board "81"]

1. c4 c5 2. Nf3 Nc6 3. d4 cxd4 4. Nxd4 Nf6 5. Nc3 e6 6. e4 Bc5 7. Nb3 Bb4 8. Bd3 O-O 9. O-O d6 10. Ne2 h6 11. a3 Bc5 12. Nxc5 dxc5 13. b4 cxb4 14. Bb2 e5 15. Ng3 bxa3 16. Rxa3 Qe7 17. Qa1 Rd8 18. Nf5 Bxf5 19. exf5 a6 20. Re1 Qb4 21. Bxe5 Nxe5 22. Rxe5 Re8 23. Ra2 Rxe5 24. Qxe5 Re8 25. Qb2 Re1+ 26. Bf1 Qxc4 0-1


[Site "https://www.chess.com"]

[Event "Titled Tuesday Blitz August 1 Late 2023"]
[White "Ozates, Tuna"]
[Black "Rama, Tejas"]
[WhiteFideId "6354521"]
[BlackFideId "30907381"]
[WhiteElo "2601"]
[BlackElo "2441"]
[Result "1-0"]
[Round "3"]
[TimeControl "180+1"]
[Date "2023.08.01"]
[WhiteClock "0:00:32"]
[BlackClock "0:00:03"]
[Board "82"]

1. e4 e5 2. Nc3 Nf6 3. g3 d5 4. exd5 Nxd5 5. Bg2 Nxc3 6. bxc3 Nc6 7. Nf3 Bd6 8. O-O O-O 9. d4 Bf5 10. Rb1 Rb8 11. Re1 exd4 12. cxd4 Qd7 13. Rb3 Nb4 14. Ne5 Bxe5 15. Rxb4 c5 16. Rxe5 cxb4 17. Rd5 Bg4 18. Qd3 Qa4 19. h3 Be6 20. Rh5 g6 21. Rh4 Rbc8 22. Be4 Qxa2 23. d5 Qa1 24. dxe6 Qxc1+ 25. Kg2 Qb2 26. exf7+ Kg7 27. Qe3 Rxf7 28. Qh6+ Kh8 29. Bxg6 Rc6 30. Re4 Rg7 31. Re8+ 1-0


[Site "https://www.chess.com"]

[Event "Titled Tuesday Blitz August 1 Late 2023"]
[White "Unat, Can Haktan"]
[Black "Herman, Daniel"]
[WhiteFideId "6398073"]
[BlackFideId "30935008"]
[WhiteElo "2585"]
[BlackElo "2438"]
[Result "1-0"]
[Round "3"]
[TimeControl "180+1"]
[Date "2023.08.01"]
[WhiteClock "0:00:16"]
[BlackClock "0:00:07"]
[Board "83"]

1. Nf3 Nf6 2. c4 c5 3. g3 d5 4. Bg2 d4 5. O-O Nc6 6. d3 e5 7. e3 Be7 8. exd4 exd4 9. Nbd2 O-O 10. Re1 Bf5 11. Ne4 Nxe4 12. dxe4 Be6 13. b3 Qd7 14. Ng5 Bg4 15. f3 Bh5 16. h4 h6 17. Nh3 Rad8 18. Nf4 Bg6 19. Nd5 Rfe8 20. Bf4 Bd6 21. Qd2 Ne5 22. Rad1 b5 23. Bxe5 Bxe5 24. f4 Bb8 25. f5 Bh5 26. Qf2 Bxd1 27. Rxd1 Be5 28. Rf1 bxc4 29. bxc4 Rb8 30. g4 Qd6 31. g5 Bg3 32. Qf3 Bxh4 33. f6 Qg3 34. Ne7+ Kh7 35. Qf5+ g6 36. Nxg6 Qxg5 37. Nf8+ Kg8 38. Qh7+ Kxf8 39. Qh8+ Qg8 40. Qxh6+ Qg7 41. Qxg7# 1-0


[Site "https://www.chess.com"]

[Event "Titled Tuesday Blitz August 1 Late 2023"]
[White "Ganiev, Roman"]
[Black "Cheng, Xiao"]
[WhiteFideId "4131452"]
[BlackFideId "2022915"]
[WhiteElo "2583"]
[BlackElo "2437"]
[Result "1-0"]
[Round "3"]
[TimeControl "180+1"]
[Date "2023.08.01"]
[WhiteClock "0:00:18"]
[BlackClock "0:00:23"]
[Board "84"]

1. e4 c5 2. Nf3 e6 3. d4 cxd4 4. Nxd4 d6 5. Nc3 a6 6. Be3 b5 7. a3 Bb7 8. Qd2 Nf6 9. f3 Nbd7 10. O-O-O Nb6 11. e5 dxe5 12. Ndxb5 Nbd5 13. Nxd5 Nxd5 14. Nc3 Nxe3 15. Qxe3 Qc7 16. h4 Be7 17. h5 O-O 18. h6 g6 19. Kb1 f5 20. Be2 Bf6 21. Qd3 Rac8 22. Qd6 Qf7 23. Qd7 Rc7 24. Qxf7+ Kxf7 25. Rd6 e4 26. Rhd1 exf3 27. gxf3 Bxc3 28. Rd7+ Rxd7 29. Rxd7+ Kf6 30. Rxb7 Be5 31. Rxh7 Kg5 32. Bxa6 Rh8 33. Rxh8 Bxh8 34. h7 Kh6 35. Bc8 e5 36. c4 Kxh7 37. b4 Kg7 38. Kc2 Kf6 39. Kd3 Ke7 40. c5 Kd8 41. Be6 Ke7 42. Bd5 Kd7 43. Bf7 g5 44. Bg6 Ke6 45. Kc4 Bg7 46. b5 Kf6 47. b6 Kxg6 48. b7 g4 49. fxg4 fxg4 50. b8=Q g3 51. Qb7 Bf6 52. Qe4+ Kg5 53. Kd5 g2 54. Qxg2+ 1-0


[Site "https://www.chess.com"]

[Event "Titled Tuesday Blitz August 1 Late 2023"]
[White "WindWhistler11"]
[Black "Ibadov, Dashgyn"]
[BlackFideId "24107514"]
[WhiteElo "2435"]
[BlackElo "2580"]
[Result "0-1"]
[Round "3"]
[TimeControl "180+1"]
[Date "2023.08.01"]
[WhiteClock "0:00:08"]
[BlackClock "0:00:10"]
[Board "85"]

1. Nf3 d5 2. c4 d4 3. e3 c5 4. exd4 cxd4 5. Bd3 Nc6 6. O-O e5 7. Re1 Bd6 8. Bc2 Nge7 9. d3 O-O 10. a3 a5 11. Nbd2 Bg4 12. Nf1 Ng6 13. Ng3 h6 14. h3 Be6 15. Bd2 Kh7 16. Rb1 Qe7 17. Ba4 f5 18. b4 axb4 19. Bxc6 bxc6 20. axb4 Ra2 21. Re2 e4 22. dxe4 Bxg3 23. exf5 Bxf2+ 24. Rxf2 Rxf5 25. Bg5 Qa7 26. Rxa2 Qxa2 27. Ra1 Qxc4 28. Qxd4 hxg5 29. Qxc4 Bxc4 30. Nd4 Rf6 31. Rc1 Bd5 32. Rc5 Nf4 33. Kh2 Nxg2 34. b5 Rf2 35. Kg3 Rd2 36. bxc6 Rxd4 37. c7 Bb7 38. c8=Q Bxc8 39. Rxc8 Nf4 40. Rc5 Rd5 41. Rc4 Rf5 42. h4 gxh4+ 43. Kg4 Rf6 44. Rxf4 Rxf4+ 45. Kxf4 Kh6 46. Kg4 g5 47. Kh3 Kh5 48. Kg2 g4 49. Kh2 Kg5 50. Kg2 Kf4 51. Kf2 g3+ 52. Kg2 Kg4 53. Kg1 Kf3 54. Kf1 g2+ 55. Kg1 h3 56. Kh2 Kf2 57. Kxh3 g1=Q 0-1


[Site "https://www.chess.com"]

[Event "Titled Tuesday Blitz August 1 Late 2023"]
[White "Kirillov, Dmitry"]
[Black "Rostomyan, Mikayel"]
[WhiteFideId "34180572"]
[BlackFideId "13313754"]
[WhiteElo "2434"]
[BlackElo "2577"]
[Result "1-0"]
[Round "3"]
[TimeControl "180+1"]
[Date "2023.08.01"]
[WhiteClock "0:00:05"]
[BlackClock "0:00:03"]
[Board "86"]

1. d4 Nf6 2. Nf3 e6 3. c4 Bb4+ 4. Bd2 Bxd2+ 5. Qxd2 O-O 6. Nc3 d5 7. e3 b6 8. cxd5 exd5 9. Bd3 c5 10. h3 Ba6 11. O-O Bxd3 12. Qxd3 c4 13. Qc2 Re8 14. Ne5 Nbd7 15. f4 Rc8 16. a4 Qe7 17. Kh2 a6 18. g4 Qd6 19. g5 Nh5 20. Qe2 g6 21. Qf3 Nxe5 22. fxe5 Qe6 23. Qxd5 Qe7 24. h4 Ng7 25. Ne4 Red8 26. Nf6+ Kh8 27. Qe4 c3 28. bxc3 Rxc3 29. Rac1 Qa3 30. Rxc3 Qxc3 31. h5 Qd2+ 32. Kg3 Nf5+ 33. Kh3 Nxe3 34. Rf4 Rc8 35. hxg6 fxg6 36. Rh4 h5 37. Qb7 Rc7 38. Qb8+ Kg7 39. Qxc7+ Kf8 40. Nh7+ Ke8 41. Nf6+ Kf8 42. Qc8+ Ke7 43. Qb7+ Ke6 44. Qf3 Qe1 45. d5+ Ke7 46. d6+ Ke6 47. Rf4 Nd1 48. Qf1 Qc3+ 49. Rf3 Ne3 50. Rxe3 Qxe5 51. Rxe5+ Kxe5 52. d7 Kd6 53. d8=Q+ Kc5 54. Qg8 1-0


[Site "https://www.chess.com"]

[Event "Titled Tuesday Blitz August 1 Late 2023"]
[White "vishwa_vijeta"]
[Black "Carrasco Miranda, Andres"]
[BlackFideId "3405990"]
[WhiteElo "2577"]
[BlackElo "2434"]
[Result "0-1"]
[Round "3"]
[TimeControl "180+1"]
[Date "2023.08.01"]
[WhiteClock "0:00:16"]
[BlackClock "0:00:15"]
[Board "87"]

1. e4 e5 2. Nf3 Nc6 3. d4 exd4 4. Bc4 Bc5 5. c3 Nf6 6. cxd4 Bb4+ 7. Bd2 Bxd2+ 8. Nbxd2 d5 9. exd5 Nxd5 10. O-O O-O 11. Ne4 Bf5 12. Ng3 Be6 13. Re1 Nce7 14. Ne4 Nc3 15. bxc3 Bxc4 16. Ne5 Bd5 17. Qd2 Ng6 18. Ng3 Re8 19. f4 Qh4 20. f5 Nxe5 21. dxe5 Rad8 22. Qf2 b6 23. Rad1 c5 24. f6 g6 25. Qd2 h6 26. c4 Bxc4 27. Qxd8 Rxd8 28. Rxd8+ Kh7 29. e6 Bxe6 30. Rxe6 fxe6 31. Rd7+ Kg8 32. f7+ Kf8 33. Rxa7 Qd4+ 34. Kf1 c4 35. Ne2 Qd1+ 36. Kf2 b5 37. Rb7 Qd5 38. Nf4 Qf5 39. Ke3 g5 40. Ne2 Qe5+ 41. Kf2 Qc5+ 42. Ke1 c3 43. Kd1 b4 44. Kc2 Qf5+ 45. Kb3 Qd5+ 46. Kxb4 Qxb7+ 47. Kxc3 Qc7+ 48. Kd3 Qd6+ 49. Nd4 e5 50. a4 Qxd4+ 51. Ke2 Qxa4 52. Kf1 Kxf7 53. g3 Qc2 54. Kg1 e4 55. Kh1 e3 56. Kg1 Qf2+ 57. Kh1 e2 58. h4 e1=Q# 0-1


[Site "https://www.chess.com"]

[Event "Titled Tuesday Blitz August 1 Late 2023"]
[White "ElenGajger"]
[Black "Gabdushev, Ruslan"]
[BlackFideId "4137833"]
[WhiteElo "2574"]
[BlackElo "2432"]
[Result "0-1"]
[Round "3"]
[TimeControl "180+1"]
[Date "2023.08.01"]
[WhiteClock "0:00:00"]
[BlackClock "0:00:06"]
[Board "88"]

1. e4 Nc6 2. d4 d5 3. e5 Bf5 4. Nf3 Qd7 5. Bd3 f6 6. exf6 gxf6 7. O-O O-O-O 8. c3 e5 9. dxe5 fxe5 10. Bb5 Bg7 11. Bg5 Rf8 12. Qa4 a6 13. Bxc6 Qxc6 14. Qxc6 bxc6 15. Nbd2 h6 16. Be3 Ne7 17. Bc5 Re8 18. Nh4 Bd3 19. Rfe1 Kd7 20. Ndf3 Nc8 21. Rad1 Bh7 22. c4 d4 23. Nd2 Nd6 24. Bxd6 cxd6 25. Ne4 Rb8 26. b3 a5 27. c5 d5 28. Nd6 Rhf8 29. Nf3 a4 30. Nxe5+ Bxe5 31. Rxe5 axb3 32. axb3 Rxb3 33. Re2 d3 34. Red2 Rc3 35. Nb7 Rb8 36. Nd6 Rxc5 37. Nf7 Rc2 38. h4 Ke6 39. Nxh6 c5 40. Ng4 c4 41. Ne3 Rxd2 42. Rxd2 Rb4 43. Nd1 d4 44. f4 c3 45. Ra2 Rb1 46. Kf2 Rxd1 47. Ra6+ Kd5 0-1


[Site "https://www.chess.com"]

[Event "Titled Tuesday Blitz August 1 Late 2023"]
[White "Adan Bermudez, Sergio"]
[Black "Ingunza Curro, Andres"]
[WhiteFideId "2292726"]
[BlackFideId "24526371"]
[WhiteElo "2569"]
[BlackElo "2431"]
[Result "1-0"]
[Round "3"]
[TimeControl "180+1"]
[Date "2023.08.01"]
[WhiteClock "0:00:58"]
[BlackClock "0:00:04"]
[Board "89"]

1. c4 e5 2. Nc3 f5 3. d4 exd4 4. Qxd4 Nc6 5. Qd1 Nf6 6. Nf3 Be7 7. g3 O-O 8. Bg2 d6 9. O-O Ne5 10. Nd4 c6 11. b3 a5 12. e3 Qc7 13. Nce2 Bd7 14. Nf4 Qc8 15. Qc2 g5 16. Nd3 h6 17. a4 Nxd3 18. Qxd3 Ng4 19. f4 Qe8 20. h3 Nf6 21. Nxf5 Bxf5 22. Qxf5 gxf4 23. exf4 Qh5 24. Qe6+ Rf7 25. g4 Qg6 26. f5 Qg7 27. Bb2 Kh8 28. Rae1 Raf8 29. Qe2 Qg5 30. Bc1 Qg7 31. Qe3 Nh7 32. Qxh6 Bg5 33. Qxg7+ Kxg7 34. Bb2+ Bf6 35. Bxf6+ Kxf6 36. Re6+ Kg5 37. Rxd6 Rf6 38. Rxf6 Nxf6 39. Kh2 Rd8 40. Kg3 Rd3+ 41. Kh2 Rd2 42. Rf3 Rb2 43. Re3 Rc2 44. Kg3 Rb2 45. h4+ Kh6 46. g5+ 1-0


[Site "https://www.chess.com"]